AoeStats
← capt. Bear

Black Forest

507012624Analyzed
4v4 RM · 17d ago on Sep 16, 2026· 38m 32s· 8 players
Game mode
Random Map
Map size
Large (8 player)
Population
200
Speed
Normal
Resources
Standard
Victory
Conquest
Starting age
Dark Age
Ending age
Imperial Age
RankedLock teamsTeams togetherTeam positionsShared explorationLock speedFull tech treeHidden civsTurbo modeCheats
Victory
Defeat
🇹🇼 Spanish · Taiwan
1879
+3
🇹🇼 Saracens · Taiwan
1609
+11
🇹🇼 Franks · Taiwan
1609
+11
🇦🇷 Koreans · Argentina
1592
+11
🇨🇳 Mongols · China
1720
-17
🇹🇼 Chinese · Taiwan
1509
-9
🇦🇺 Japanese · Australia
1426
-6
🇹🇼 Persians · Taiwan
1312
-4
G5
0:39 Loom
12:09 Feudal Age
13:16 Double-Bit Axe
16:00 Castle Age
13:51 Fishing Lines
14:39 Town Watch
16:51 Bow Saw
21:21 Horse Collar
23:41 Wheelbarrow
23:20 Gillnets
24:23 Gold Mining
26:32 Stone Mining
30:16 Imperial Age
28:32 Fortified Wall
28:42 Fletching
28:54 Scale Mail Armor
29:20 Ballistics
29:22 Masonry
29:50 Bodkin Arrow
29:50 Treadmill Crane
30:37 Heavy Rocket Cart
31:33 Bracer
31:48 Chain Mail Armor
31:51 Eupseong
32:12 Conscription
33:05 Chemistry
34:35 Shinkichon
35:14 Thumb Ring
37:01 Plate Mail Armor
36:41 Forging
丁守中
11:33 Feudal Age
15:22 Castle Age
13:29 Double-Bit Axe
14:35 Horse Collar
17:33 Bow Saw
18:15 Loom
25:10 Heavy Plow
25:17 Loom
26:08 Wheelbarrow
29:09 Imperial Age
27:26 Gold Mining
27:26 Stone Mining
28:46 Fletching
28:56 Padded Archer Armor
29:27 Bodkin Arrow
29:26 Heavy Cavalry Archer
30:35 Hand Cart
31:01 Gold Shaft Mining
31:01 Bracer
30:24 Crossbowman
31:16 Thumb Ring
32:20 Chemistry
32:06 Town Watch
31:50 Arbalester
33:04 Ballistics
34:08 Hoardings
34:49 Two-Man Saw
37:04 Leather Archer Armor
37:02 Siege Engineers
37:07 Masonry
38:20 Ring Archer Armor
38:38 Forging
capt. Bear
6:58 Loom
12:53 Feudal Age
14:01 Fishing Lines
16:30 Castle Age
14:19 Fishing Lines
14:50 Double-Bit Axe
17:37 Bow Saw
20:07 Gillnets
21:43 Gold Mining
26:27 Wheelbarrow
29:12 Imperial Age
26:50 Town Watch
27:46 Scale Barding Armor
27:51 Forging
29:01 Chain Barding Armor
29:57 Iron Casting
29:57 Husbandry
29:18 Light Cavalry
29:22 Cavalier
30:33 Caravan
31:22 Plate Barding Armor
31:58 Iron Casting
31:45 Conscription
32:51 Paladin
36:11 Blast Furnace
小小小寬
11:27 Feudal Age
12:21 Double-Bit Axe
14:59 Castle Age
13:42 Fishing Lines
16:01 Bow Saw
18:40 Horse Collar
20:10 Gold Mining
24:19 Gillnets
25:38 Wheelbarrow
30:16 Imperial Age
28:32 Padded Archer Armor
29:04 Scale Barding Armor
30:38 Chain Barding Armor
30:52 Forging
31:27 Bloodlines
31:18 Husbandry
30:38 Cavalier
32:05 Plate Barding Armor
31:41 Forging
32:03 Hand Cart
31:56 Heavy Plow
33:52 Chemistry
35:43 Two-Man Saw
35:18 Loom
35:06 Paladin
36:44 Iron Casting
37:04 Stone Mining
38:34 Blast Furnace
38:45 Masonry
Bleda the Hun
0:50 Loom
12:05 Feudal Age
15:49 Castle Age
13:35 Double-Bit Axe
14:14 Horse Collar
14:26 Gold Mining
16:49 Bow Saw
19:21 Town Watch
22:00 Wheelbarrow
25:08 Fortified Wall
30:38 Imperial Age
28:59 Fletching
29:35 Ballistics
29:06 Guard Tower
30:27 Bodkin Arrow
31:28 Bracer
32:18 Keep
34:49 Chemistry
33:35 Arrowslits
34:26 Scale Mail Armor
34:37 Forging
35:05 Conscription
34:38 Pikeman
35:19 Squires
37:33 Stone Mining
虞小梅
0:27 Loom
12:16 Feudal Age
14:33 Double-Bit Axe
17:15 Castle Age
15:46 Fishing Lines
18:41 Bow Saw
19:23 Gillnets
21:37 Wheelbarrow
28:20 Imperial Age
26:30 Stone Mining
26:46 Gold Mining
26:37 Horse Collar
27:43 Fletching
28:42 Stone Shaft Mining
30:18 Chemistry
29:58 Bodkin Arrow
30:34 Conscription
30:19 Padded Archer Armor
31:05 Ballistics
30:48 Bracer
32:20 Two-Man Saw
32:53 Hand Cart
33:09 Conscription
33:29 Gold Shaft Mining
34:08 Leather Archer Armor
34:20 Great Wall
34:13 Elite Chu Ko Nu
36:04 Ring Archer Armor
38:01 Thumb Ring
feely
2:30 Loom
12:12 Feudal Age
12:37 Double-Bit Axe
14:19 Town Watch
17:33 Castle Age
15:57 Horse Collar
16:54 Gold Mining
22:26 Bow Saw
24:30 Wheelbarrow
31:16 Hand Cart
33:41 Imperial Age
31:30 Scale Barding Armor
31:22 Fishing Lines
32:01 Husbandry
32:27 Bloodlines
33:21 Heavy Camel Rider
35:12 Conscription
34:15 Heavy Camel Rider
36:19 Chain Barding Armor
YYQ
12:01 Feudal Age
12:46 Double-Bit Axe
15:57 Castle Age
15:21 Fishing Lines
17:09 Gillnets
17:57 Bow Saw
21:09 Wheelbarrow
20:54 Horse Collar
27:12 Imperial Age
24:30 Town Watch
24:54 Gold Mining
24:58 Loom
25:46 Hand Cart
25:32 Stone Mining
26:31 Ballistics
26:21 Clinker Construction
26:25 Fletching
27:11 Gold Shaft Mining
26:59 Bloodlines
26:49 Husbandry
27:12 Bodkin Arrow
28:10 Bracer
28:52 Conscription
29:39 Chemistry
29:04 Heavy Plow
29:45 Conscription
29:44 Caravan
30:27 Thumb Ring
30:55 Elite Mangudai
32:33 Parthian Tactics
32:10 Padded Archer Armor
32:43 Siege Engineers
33:44 Coinage
33:40 Leather Archer Armor
33:28 Onager
34:58 Clinker Construction
36:25 Drill
35:40 Siege Onager
38:10 Scale Barding Armor
38:16 Forging
37:27 Light Cavalry
Connection lost

Rejoining the realm…

Still unreachable

The connection could not be restored.

Session expired

The server has moved on; the page needs a fresh start.